 Dungeon Crawl Stone Soup version 0.27-a0-1136-g0b992a5a9d (webtiles) character file.

Game seed: 17673941527036205854

95 leviel the Chopper (level 4, -1/40 HPs)
             Began as a Minotaur Fighter on May 6, 2021.
             Slain by siradein's ghost (6 damage)
             ... on level 3 of the Dungeon.
             The game lasted 00:01:46 (2320 turns).

leviel the Chopper (Minotaur Fighter)               Turns: 2320, Time: 00:01:48

Health: -1/40      AC:  7    Str: 21    XL:     4   Next: 40%
Magic:  0/3        EV:  7    Int:  5    God:
Gold:   121        SH:  9    Dex: 10    Spells: 3/3 levels left

rFire    . . .     SeeInvis .   a - +0 war axe
rCold    . . .     Faith    .   c - +0 kite shield
rNeg     . . .     Spirit   +   b - +0 scale mail
rPois    .         Reflect  .   (helmet restricted)
rElec    .         Harm     .   (no cloak)
rCorr    .         Rampage  .   (no gloves)
Will     .....                  (no boots)
Stlth    ..........             f - amulet of guardian spirit
HPRegen  0.13/turn              (no ring)
MPRegen  0.08/turn              (no ring)

@: mighty
A: horns 2, retaliatory headbutt
a: no special abilities


You were on level 3 of the Dungeon.
You visited 1 branch of the dungeon, and saw 3 of its levels.

You collected 121 gold pieces.

Inventory:

Hand Weapons
 a - a +0 war axe (weapon)
Armour
 b - a +0 scale mail (worn)
 c - a +0 kite shield (worn)
Jewellery
 f - an amulet of guardian spirit (around neck)
Scrolls
 i - a scroll of noise {unknown}
 m - a scroll of vulnerability {unknown}
 o - a scroll of teleportation {unknown}
Potions
 e - a potion of cancellation {unknown}
 g - a potion of haste {unknown}
 h - a potion of flight {unknown}
 j - a potion of curing {unknown}
 k - a potion of mutation {unknown}
 l - a potion of lignification {unknown}
 n - a potion of heal wounds {unknown}


   Skills:
 + Level 4.1 Fighting
 + Level 4.5 Axes
 + Level 4.1 Armour
 + Level 0.3 Dodging
 + Level 4.1 Shields


You had 3 spell levels left.
You didn't know any spells.
Your spell library was empty.

Dungeon Overview and Level Annotations

Branches:
Dungeon (3/15)

Altars:
Gozag

Annotations:
D:3 siradein's ghost, amateur DsGl


Innate Abilities, Weirdness & Mutations

You have a pair of horns on your head.
You reflexively headbutt those who attack you in melee.


Message History

You block siradein's ghost's attack.
You hit siradein's ghost.
Siradein's ghost is lightly damaged.
Siradein's ghost hits you!
Siradein's ghost hits you but does no damage.
You slash siradein's ghost!
Siradein's ghost is moderately damaged.
Siradein's ghost hits you.
You miss siradein's ghost.
Siradein's ghost is moderately damaged.
Siradein's ghost hits you! Siradein's ghost hits you.
You closely miss siradein's ghost.
Siradein's ghost is moderately damaged.
A howler monkey skeleton comes into view.
Siradein's ghost hits you!
* * * LOW HITPOINT WARNING * * *
You slash siradein's ghost! Your headbutt misses siradein's ghost.
Siradein's ghost is heavily damaged.
You block siradein's ghost's attack.
Siradein's ghost hits you but does no damage.
Unknown command.
You hit siradein's ghost but do no damage.
Siradein's ghost is heavily damaged.
Siradein's ghost barely misses you.
You closely miss siradein's ghost.
Siradein's ghost is heavily damaged.
You block siradein's ghost's attack. Siradein's ghost barely misses you.
You slice siradein's ghost!!
Siradein's ghost is almost destroyed.
Your shield prevents you from hitting the howler monkey skeleton.
You block the howler monkey skeleton's attack.
You block siradein's ghost's attack.
You hit siradein's ghost.
Siradein's ghost is almost destroyed.
You slash the howler monkey skeleton!
The howler monkey skeleton hits you but does no damage.
Siradein's ghost barely misses you.
You block the howler monkey skeleton's attack.
Siradein's ghost hits you.
You die...

.........########.####
#
...#...........)......
# #.###.###........##
. # #..........#.# #
#####.####.# ###.## .#
#....# # ##.#######
#.@W≈≈≈≈/≈ ##Z#######
#....# #.#....
#...#### ###.# .. .


You could see siradein's ghost and a howler monkey skeleton.

Vanquished Creatures
  5 adders
  A worm (D:2)
  A dart slug (D:1)
  4 bats
  5 endoplasms
  3 giant cockroaches
  8 goblins
  3 hobgoblins
  3 kobolds
  2 quokkas (D:1)
  3 ball pythons
  3 frilled lizards
  4 rats (D:1)
45 creatures vanquished.

Notes
Turn   | Place    | Note
-------+----------+-------------------------------------------
     0 | D:1      | leviel the Minotaur Fighter began the quest for the Orb.
     0 | D:1      | Reached XP level 1. HP: 19/19 MP: 0/0
   143 | D:1      | Reached XP level 2. HP: 22/27 MP: 1/1
   559 | D:1      | Reached XP level 3. HP: 33/33 MP: 2/2
   988 | D:2      | Found a faded altar of an unknown god.
  1362 | D:2      | Found an opulent altar of Gozag.
  2197 | D:3      | Reached XP level 4. HP: 30/40 MP: 3/3
  2294 | D:3      | Found a runed translucent door.
  2305 | D:3      | Noticed siradein's ghost (amateur DsGl)
  2320 | D:3      | Slain by siradein's ghost

Illustrated notes

Levels and vault maps discovered:
D:1:      onia_arrival_mini_maze, layout_rooms
D:2:      layout_basic, basic_altar, shapermc_ecumenical_altar_venn,
          roderic_serpentine_path, nrook_mini_vaults, minmay_splitting_lines,
          chequers_hall_statues_wall_a
D:3:      layout_loops_ring, ebering_ghost_sewer_d

Skill      XL: |  1  2  3 |
---------------+----------+-----
Shields        | 4 |  4.1
Axes           | 3 4 |  4.5
Armour         | 4 |  4.1
Fighting       | 4 |  4.1
Dodging        | |  0.3

Action                   |  1- 3 |  4- 6 || total
-------------------------+-------+-------++-------
Melee: War axe           |   107 |    16 ||   123
       Headbutt          |    14 |       ||    14
  Use: Potion            |       |     1 ||     1
Armor: Scale mail        |    50 |     5 ||    55
Dodge: Dodged            |    28 |     3 ||    31
Block: Kite shield       |    55 |    11 ||    66

Table legend: (Time is in decaauts)
 A = Elapsed time spent in this place.
 B = Non-inter-level travel time spent in this place.
 C = Inter-level travel time spent in this place.
 D = Time resting spent in this place.
 E = Time spent auto-exploring this place.
 F = Levels seen in this place.
 G = Mean time per level.
                   A        B        C        D        E       F      G
               +--------+--------+--------+--------+--------+-----+--------+
         Total |   2387 |   2335 |     52 |    427 |   1584 |   3 |  795.7 |
       Dungeon |   2387 |   2335 |     52 |    427 |   1584 |   3 |  795.7 |
               +--------+--------+--------+--------+--------+-----+--------+

Top non-repeatable levels by time:
     D:2: 1009 daAuts
     D:1: 729 daAuts
     D:3: 647 daAuts
